 Dungeon Sprint DCSS version 0.31-a0-240-gb923e448b6 (webtiles) character file.

Game seed: 5252404919927165938

800 Conn the Arsonist (level 7, 0/61 HPs)
             Began as an Octopode Fire Elementalist on July 12, 2023.
             Was a Follower of Sif Muna.
             Slain by a hornet (7 damage)
             ... while paralysed by a hornet
             ... in the Dungeon (Sprint II: "The Violet Keep of Menkaure").
             The game lasted 00:05:18 (330 turns).

Conn the Arsonist (Octopode Fire Elementalist)       Turns: 330, Time: 00:05:19

Health: 0/61       AC: 23    Str:  7    XL:     7   Next: 90%
Magic:  12/19      EV:  2    Int: 20    God:    Sif Muna [*.....]
Gold:   4          SH:  0    Dex: 12    Spells: 14/24 levels left

rFire   . . .        (no weapon)
rCold   . . .        (no shield)
rNeg    . . .        (helmet currently unavailable)
rPois   +            (no amulet)
rElec   .            (no ring)
rCorr   .            (no ring)
SInv    .            (no ring)
Will    .....        (no ring)
Stlth   +++          (no ring)
HPRegen 0.30/turn    (no ring)
MPRegen 0.16/turn    (no ring)
                     (no ring)

%: no teleportation
@: paralysed, lethally poisoned (0 -> -8), tree-form, very slow
A: stationary, stasis, torment immunity, boosted hp, almost no armour,
(amphibious), 8 rings, (camouflage 1), (gelatinous body 1), (nimble swimmer 1),
(tentacles)
a: Renounce Religion, Channel Magic


You were in the Dungeon.
You worshipped Sif Muna.
Sif Muna was aware of your devotion.
You were a tree.
You visited 1 branch You collected 243 gold pieces.
You spent 239 gold pieces at shops.

Inventory:

Talismans
 g - a beast talisman
Scrolls
 f - a scroll of blinking
 h - a scroll of identify {unknown}
Potions
 a - 3 potions of magic
 c - a potion of heal wounds
 d - a potion of haste


   Skills:
 + Level 5.1 Dodging
 + Level 7.1 Stealth
 - Level 0.6 Unarmed Combat
 * Level 9.0 Spellcasting
 * Level 6.1 Conjurations
 + Level 10.9 Fire Magic


You had 14 spell levels left.
You knew the following spells:

 Your Spells              Type           Power      Damage    Failure   Level
a - Foxfire               Conj/Fire      100%       2x1d9     1%          1
b - Scorch                Fire           100%       2d9       1%          2
c - Inner Flame           Hex/Fire       30%        N/A       2%          3
d - Flame Wave            Conj/Fire      43%        2d11      2%          4

Your spell library contained the following spells:

 Spells                   Type           Power      Damage    Failure   Level
 Volatile Blastmotes      Fire/Tloc      60%        2d15      2%          3


Dungeon Overview and Level Annotations

Branches:
Dungeon (1/1)

Altars:
Cheibriados
Dithmenos
Elyvilon
Fedhas
Gozag
Hepliaklqana
Kikubaaqudgha
Makhleb
Nemelex Xobeh
Okawaru
Qazlal
Ru
Sif Muna
Trog
Uskayaw
Vehumet
Wu Jian
Xom
Yredelemnul
Zin
The Shining One
Jiyva
Lugonu

Shops:
D !:::!![?([!==*[

Annotations:
D exclusion: oklob plant


Innate Abilities, Weirdness & Mutations

You are a tree.
Your roots penetrate the ground, keeping you stationary.
You cannot be teleported.
You are immune to unholy pain and torment.
Your maximum health is greatly increased.
You cannot wear most types of armour.
((You are amphibious.))
You can wear up to eight rings at the same time.
((Your skin changes colour to match your surroundings (Stealth+).))
((Your rubbery body absorbs attacks. (AC +1, EV +1)))
((You are camouflaged when in or above water. (Stealth+)))
((You have tentacles for arms and can constrict up to eight enemies at once.))


Message History

Attack: -) Tentacles
Press: ? - help, Dir - move target You swing at nothing.
There are monsters nearby!
Still begin transforming?
You begin transforming.
You continue transforming. x2
The hornet misses you. The hornet stings you.
You are poisoned.
You feel yourself slow down.
You continue transforming.
You feel yourself speed up.
You feel very sick. The hornet barely misses you. x2
You turn into a hulking beast.
Really quaff the potion of lignification?
Your transformation has ended.
You turn into a tree.
Your roots penetrate the ground.
You feel sick.
The polar bear growls angrily.
A yaktaur comes into view.
The hornet stings you but does no damage.
Casting: Inner Flame (dangerous; 2% risk of failure)
Confirm with . or Enter, or press ? or * to list all spells.
Flames lash the hornet.
The hornet is lightly wounded.
The hornet's fire resistance burns away.
You feel sick.
The hornet is engulfed in a cloud of scalding steam.
The hornet stings you but does no damage.
The hornet is engulfed in a cloud of scalding steam.
The hornet stings you.
* * * LOW HITPOINT WARNING * * *
You are lethally poisoned!
You suddenly lose the ability to move!
* * * LOW HITPOINT WARNING * * *
You feel very sick.
The hornet is engulfed in a cloud of scalding steam.
The hornet stings you but does no damage.
* * * LOW HITPOINT WARNING * * *
You feel sick. The hornet stings you!
You die...

#### +.### }▓[=($[)!?▓▓
...# ...# #▓)(?$![!$▓▓ ..##
#..# #▓![!?[))!▓▓ #..# +..#
#▓?$$?"$?!▓▓ #..# #..#
#▓[[$!(???▓▓
+..####..####▓$???!$[[▓▓
#....###...##▓▓▓▓▓▓▓+▓▓▓▓+
##......~~~~~chy♣~~†~...Xw≈
#~~..§..~#'########'###.w≈≈
~~~~~~..~#....._..#~~§# ≈
~~§~~~~.~#...._._.#~~≈≈#
§≈§≈§~~~~#..._._._#~~~§§#
§~≈≈≈§~~~#.._._._.#§§~§§≈#
~≈§≈≈≈≈§~#._._._._#§§~§~§+
#§≈≈###§≈#_._._._.#~~§§§~
##≈§# #≈≈#._._._._#§§§§


You could see a polar bear, a yaktaur and a hornet (combustible).

Vanquished Creatures
  5 water moccasins (D)
  4 necrophages (D)
  A hell rat (D)
10 creatures vanquished.

Vanquished Creatures (others)
  Menkaure (D)
  17 foxfires (D)
  20 tentacles (D)
38 creatures vanquished.

Grand Total: 48 creatures vanquished

Notes
Turn   | Place    | Note
-------+----------+-------------------------------------------
     0 | D        | Conn the Octopode Fire Elementalist began the quest for the
                  | Orb.
     0 | D        | Reached XP level 1. HP: 11/11 MP: 3/3
     1 | D        | Noticed a boulder beetle
     1 | D        | Noticed a boulder beetle
     5 | D        | Noticed a neqoxec
     8 | D        | Noticed a necrophage
     8 | D        | Noticed a necrophage
     8 | D        | Noticed a necrophage
     8 | D        | Noticed a necrophage
    14 | D        | Killed a necrophage
    15 | D        | Reached skill level 6 in Fire Magic
    15 | D        | Reached XP level 2. HP: 17/17 MP: 3/6
    15 | D        | Reached XP level 3. HP: 21/21 MP: 4/8
    15 | D        | Reached XP level 4. HP: 27/27 MP: 4/9
    19 | D        | Killed a necrophage
    20 | D        | Reached skill level 7 in Fire Magic
    20 | D        | Reached XP level 5. HP: 29/31 MP: 4/11
    25 | D        | Reached skill level 5 in Stealth
    25 | D        | Reached skill level 5 in Spellcasting
    25 | D        | Reached skill level 8 in Fire Magic
    29 | D        | Reached XP level 6. HP: 31/36 MP: 5/14
    36 | D        | Found Joecwe's Jewellery Shop.
    36 | D        | Found Segitokk's Antique Weapon Boutique.
    36 | D        | Found Vianaegi's Antique Armour Shop.
    36 | D        | Found Ehom's Antique Armour Boutique.
    36 | D        | Found Nuelysey's Jewellery Boutique.
    36 | D        | Found Emuuxtip's General Store.
    37 | D        | Found Qenatuq's Distillery.
    37 | D        | Found Susow's Magic Scroll Boutique.
    37 | D        | Found Dedwimytt's Antique Armour Shop.
    37 | D        | Killed Menkaure
    45 | D        | Learned a level 2 spell: Scorch
    49 | D        | Learned a level 3 spell: Inner Flame
    54 | D        | Learned a level 4 spell: Flame Wave
    54 | D        | Found Vuiref's Distillery.
    54 | D        | Found Xauq's Distillery.
    55 | D        | Noticed a redback
    56 | D        | Found Loifuoj's Book Boutique.
    56 | D        | Noticed a water moccasin
    56 | D        | Noticed a redback
    56 | D        | Noticed an oklob plant
    65 | D        | Killed a water moccasin
    66 | D        | Reached skill level 9 in Fire Magic
    67 | D        | Found Byrpheo's Book Shop.
    67 | D        | Found Uchagg's Book Shoppe.
    67 | D        | Found Ralegh's Distillery.
    69 | D        | Noticed an iron elemental
    72 | D        | Noticed a great orb of eyes
    78 | D        | Bought a potion of lignification for 39 gold pieces
    92 | D        | Bought a beast talisman for 200 gold pieces
   112 | D        | Noticed a flying skull
   112 | D        | Noticed a flying skull
   118 | D        | Noticed a flying skull
   119 | D        | Noticed a flying skull
   119 | D        | Noticed a flying skull
   119 | D        | Noticed a flying skull
   119 | D        | Noticed a flying skull
   121 | D        | Noticed a flying skull
   121 | D        | Noticed a flying skull
   122 | D        | Noticed a flying skull
   122 | D        | Noticed a flying skull
   122 | D        | Noticed a flying skull
   131 | D        | Found a blossoming altar of Fedhas.
   132 | D        | Found a white marble altar of Elyvilon.
   132 | D        | Found an opulent altar of Gozag.
   132 | D        | Found a burning altar of Makhleb.
   133 | D        | Found a shadowy altar of Dithmenos.
   133 | D        | Found a corrupted altar of Lugonu.
   134 | D        | Found a snail-covered altar of Cheibriados.
   134 | D        | Found an ancient bone altar of Kikubaaqudgha.
   134 | D        | Found a bloodstained altar of Trog.
   135 | D        | Found a viscous altar of Jiyva.
   135 | D        | Found a shimmering blue altar of Sif Muna.
   136 | D        | Found a hazy altar of Hepliaklqana.
   136 | D        | Found a sacrificial altar of Ru.
   137 | D        | Found a shimmering altar of Xom.
   138 | D        | Found a stormy altar of Qazlal.
   138 | D        | Found an ornate altar of the Wu Jian Council.
   138 | D        | Found a sparkling altar of Nemelex Xobeh.
   138 | D        | Found a hide-covered altar of Uskayaw.
   138 | D        | Found a basalt altar of Yredelemnul.
   138 | D        | Found a glowing golden altar of the Shining One.
   139 | D        | Found a radiant altar of Vehumet.
   139 | D        | Found an iron altar of Okawaru.
   139 | D        | Found a glowing silver altar of Zin.
   144 | D        | Noticed a water moccasin
   145 | D        | Noticed a water moccasin
   147 | D        | Became a worshipper of Sif Muna the Loreminder
   157 | D        | Noticed a water moccasin
   161 | D        | Noticed a kraken
   163 | D        | Noticed a water moccasin
   168 | D        | Killed a water moccasin
   169 | D        | Reached skill level 5 in Conjurations
   169 | D        | Reached XP level 7. HP: 41/41 MP: 7/18
   319 | D        | Reached * piety under Sif Muna
   320 | D        | Reached skill level 5 in Dodging
   320 | D        | Reached skill level 10 in Fire Magic
   322 | D        | Noticed a hornet
   322 | D        | Noticed a polar bear
   327 | D        | Noticed a yaktaur
   328 | D        | Paralysed by a hornet for 3 turns
   330 | D        | Slain by a hornet

Illustrated notes

Levels and vault maps discovered:
D:        the_violet_keep_of_menkaure [sprint2_stairs_cluster_1,
          sprint2_shoproom, sprint2_temple, sprint2_basic_supplies,
          sprint2_obstacle_1, sprint2_obstacle_5, sprint2_obstacle_6,
          sprint2_obstacle_4, sprint2_obstacle_2, sprint2_timed_cluster_1,
          sprint2_smallroom_cluster_1, sprint2_smallroom_final_cluster_1,
          sprint2_transparent_cluster_1, sprint2_second_timed_cluster_1,
          sprint2_sniper_area_1, sprint2_heavy_combat_area_1,
          sprint2_mutation_trap_area_1, sprint2_forest_area_1,
          sprint2_light_combat_area_1, sprint2_behind_water_1,
          sprint2_near_end_vault_1]

Skill      XL: |  1  2  3  4  5  6  7 |
---------------+----------------------+-----
Dodging        | 3 4 5 |  5.1
Stealth        | 4 5 6 7 |  7.1
Spellcasting   | 3 4 5 7 9 |  9.0
Fire Magic     | 6 7 8 9 10 | 10.9
Conjurations   | 2 4 5 6 |  6.1
Unarmed Combat | |  0.6

Action                     |  1- 3 |  4- 6 |  7- 9 || total
---------------------------+-------+-------+-------++-------
  Melee: Unarmed           |     5 |    14 |       ||    19
         Tentacles         |     2 |     7 |       ||     9
         Constrict         |     1 |     4 |       ||     5
         Punch             |     1 |     1 |       ||     2
   Cast: Scorch            |       |     7 |     3 ||    10
         Foxfire           |       |     5 |     8 ||    13
         Flame Wave        |       |       |     1 ||     1
    Use: Potion            |     1 |       |     2 ||     3
 Armour: Skin              |       |       |     3 ||     3
  Dodge: Dodged            |     2 |     6 |     4 ||    12
   Form: Beast             |       |       |     1 ||     1

Table legend: (Time is in decaauts)
 A = Elapsed time spent in this place.
 B = Non-inter-level travel time spent in this place.
 C = Inter-level travel time spent in this place.
 D = Time resting spent in this place.
 E = Time spent auto-exploring this place.
 F = Levels seen in this place.
 G = Mean time per level.
                   A        B        C        D        E       F      G
               +--------+--------+--------+--------+--------+-----+--------+
         Total |    334 |    334 |      0 |    101 |      0 |   1 |  334.0 |
       Dungeon |    334 |    334 |      0 |    101 |      0 |   1 |  334.0 |
               +--------+--------+--------+--------+--------+-----+--------+

Top non-repeatable levels by time:
       D: 334 daAuts
